 Dungeon Crawl Stone Soup version 0.25.1-1-g288607f5aa (webtiles) character file.

Game seed: 11479428064336452584

15406 MisterFreud the Ripper (level 12, -6/58 HPs)
             Began as a Felid Berserker on July 28, 2020.
             Was the Champion of Trog.
             Mangled by a blink frog (9 damage)
             ... on level 4 of the Lair of Beasts.
             The game lasted 00:23:09 (17820 turns).

MisterFreud the Ripper (Felid Berserker)           Turns: 17820, Time: 00:23:10

Health: -6/58      AC:  3    Str: 13    XL:     12   Next: 0%
Magic:  17/17      EV: 38    Int:  8    God:    Trog [******]
Gold:   284        SH:  0    Dex: 21    Spells: 11/11 levels left
                                        Lives:  0   Deaths: 3

rFire    . . .     SeeInvis +     - Unarmed
rCold    + . .     Gourm    .   (shield unavailable)
rNeg     . . .     Faith    .   (armour unavailable)
rPois    .         Spirit   .   (helmet unavailable)
rElec    .         Reflect  .   (cloak unavailable)
rCorr    .         Harm     .   (gloves unavailable)
MR       ++...                  (boots unavailable)
Stlth    +++++.....             (no amulet)
HPRegen  0.19/turn              r - +4 ring of evasion
MPRegen  0.15/turn              k - ring of protection from magic

@: quick
A: very small, no armour, no weapons or thrown items, stealth, claws 1, fangs 3,
see invisible, carnivore, speed 1, shaggy fur 3, slow metabolism 1, sharp paws
a: Berserk, Trog's Hand, Brothers in Arms, Renounce Religion


You were on level 4 of the Lair of Beasts.
You worshipped Trog.
Trog was exalted by your worship.
You were completely stuffed.

You visited 2 branches of the dungeon, and saw 17 of its levels.
You also visited: Bailey.

You collected 874 gold pieces.
You spent 590 gold pieces at shops.

Inventory:

Jewellery
 c - an uncursed ring of fire
 k - a ring of protection from magic (right paw)
 r - a +4 ring of evasion (left paw)
 s - an uncursed ring of wizardry {unknown}
 t - the ring of Otruehad {rPois rC+ Str+3}
   (You took it off a gnoll on level 7 of the Dungeon)

   [ring of poison resistance]

   It affects your strength (+3).
   It protects you from cold.
   It protects you from poison.
 u - an uncursed ring of resist corrosion {unknown}
 y - a +6 ring of dexterity {unknown}
 A - an uncursed amulet of magic regeneration
 J - a cursed amulet of regeneration {unknown}
Wands
 j - a wand of digging (5)
 m - a wand of polymorph (7)
 p - a wand of enslavement (28)
 w - a wand of flame (14)
 z - a wand of random effects (33)
Scrolls
 b - 4 scrolls of blinking
 h - 12 scrolls of remove curse
 i - 9 scrolls of identify
 n - 6 scrolls of teleportation
 x - a scroll of summoning {unknown}
 C - 2 scrolls of acquirement {unknown}
 E - 5 scrolls of amnesia {unknown}
 G - 2 scrolls of magic mapping
 H - a scroll of fog {unknown}
 I - a scroll of fear {unknown}
Potions
 d - 5 potions of magic
 e - 4 potions of might
 f - 2 potions of stabbing
 g - 14 potions of curing
 l - 12 potions of heal wounds
 o - 5 potions of haste
 q - 2 potions of flight
 v - 5 potions of mutation
 B - a potion of ambrosia {unknown}
 D - 2 potions of berserk rage {unknown}
 F - a potion of experience {unknown}
Comestibles
 a - 30 rations
 K - 4 chunks of flesh


   Skills:
 - Level 10.0 Fighting
 - Level 16.0 Dodging
 - Level 10.0 Stealth
 - Level 16.0 Unarmed Combat
 + Level 5.6 Evocations


You had 11 spell levels left.
You didn't know any spells.
Your spell library was empty.

Dungeon Overview and Level Annotations

Branches:
Dungeon (13/15)            Temple (0/1) D:5            Lair (4/6) D:9
  Swamp (0/4) Lair:2       Spider (0/4) Lair:3          Orc (0/2) D:12
 Bailey (visited)
 Vaults: D:13-14

Altars:
Ashenzari
Dithmenos
Hepliaklqana
Ru
Sif Muna
Vehumet
Xom
Yredelemnul
Zin

Shops:
D:7 ?   D:12 !

Annotations:
D:9 1 runed translucent door


Innate Abilities, Weirdness & Mutations

You cannot wear armour.
You are incapable of wielding weapons or throwing items.
Your paws allow you to move quietly. (Stealth)
You have sharp claws.
You have razor-sharp teeth.
You have supernaturally acute eyesight. (SInv)
You are carnivorous and can eat meat at any time.
You cover ground quickly.
Your thick and shaggy fur keeps you warm. (AC +3, rC+)
You have a slow metabolism.
Your sharp claws are effective at attacking unaware monsters.


Message History

You claw the blink frog!
The blink frog is heavily wounded.
The blink frog completely misses you.
You closely miss the blink frog.
The blink frog is heavily wounded.
The blink frog completely misses you.
You closely miss the blink frog.
The blink frog is heavily wounded.
The blink frog closely misses you.
You closely miss the blink frog. You claw the blink frog!
The blink frog is severely wounded.
The blink frog blinks!
You mangle the blink frog!!
The blink frog is almost dead.
The blink frog hits you!
* * * LOW HITPOINT WARNING * * *
The blink frog blinks!
The blink frog blinks!
The blink frog hits you!
You die...

.. #........ ....
#..F...r ....##
##...... #...##
##......#########.....
#........#...#.##.....
#...§.................
#................#.#.
#...@.?...........#..
##.§F..............##
##......####.###.##
#.#...### ### ###
#######


You could see 2 blink frogs and a porcupine (asleep).

Vanquished Creatures
  Gastronok (Lair:1)
  Fannar (Lair:1)
  A centaur warrior (D:13)
  Erica (Lair:1)
  The ghost of MajorAdolf the Cleaver, a novice NaWn (D:7)
  3 two-headed ogres
  Sonja (D:10)
  A wolf spider (Lair:3)
  An ugly thing (D:6)
  A manticore (D:12)
  A black mamba (Lair:1)
  6 spiny frogs
  A centaur skeleton (D:12)
  5 komodo dragons
  2 trolls
  A jumping spider (Lair:3)
  Grinder (D:3)
  5 slime creatures
  3 hippogriffs
  A blink frog (Lair:4)
  Sigmund (D:4)
  2 wyverns
  A shadow (D:11)
  16 yaks
  Grum (D:7)
  3 vampire mosquitoes (D:13)
  A hungry ghost (D:8)
  A steam dragon (D:12)
  Menkaure (D:4)
  A soldier ant (D:10)
  8 porcupines
  3 water moccasins
  6 orc warriors
  2 ice beasts
  2 sky beasts
  A phantom (D:7)
  7 ogres
  A necrophage (D:8)
  An eye of draining (D:11)
  6 wolves
  12 centaurs
  3 crocodiles
  Blork the orc (D:4)
  5 bullfrogs
  3 gnoll sergeants (D:7)
  An elf skeleton (D:8)
  7 scorpions
  A wyvern skeleton (D:9)
  8 killer bees
  9 wights
  2 vampire bats (D:8)
  6 howler monkeys
  3 crimson imps
  2 bullfrog zombies (D:11)
  3 centaur zombies
  11 hounds
  11 jellies
  3 bullfrog skeletons
  5 human zombies (D:8)
  6 orc priests
  A gnoll shaman (D:7)
  10 orc wizards
  2 human skeletons (D:8)
  Crazy Yiuf (D:4)
  5 iguanas
  19 worker ants
  A hound zombie (D:10)
  A hound skeleton (D:4)
  A mummy (D:8)
  Robin (D:2)
  20 gnolls
  12 adders
  5 shadow imps
  24 oozes
  An adder skeleton (D:5)
  3 worms (D:2)
  A dart slug (D:1)
  5 leopard geckos
  34 orcs
  7 giant cockroaches
  18 goblins
  18 hobgoblins
  10 jackals
  3 quokkas
  17 bats
  6 frilled lizards
  17 kobolds
  An orc zombie (D:8)
  2 quokka skeletons
  A quokka zombie (D:5)
  5 rats
  A butterfly (D:9)
458 creatures vanquished.

Vanquished Creatures (others)
  6 plants (D:7)
6 creatures vanquished.

Grand Total: 464 creatures vanquished

Notes
Turn   | Place    | Note
-------+----------+-------------------------------------------
     0 | D:1      | MisterFreud the Felid Berserker began the quest for the
                  | Orb.
     0 | D:1      | Reached XP level 1. HP: 10/10 MP: 2/2
   357 | D:1      | Reached XP level 2. HP: 14/14 MP: 3/3
   759 | D:2      | Reached XP level 3. HP: 17/17 MP: 4/4
   871 | D:2      | Reached skill level 1 in Stealth
  1391 | D:2      | Reached ** piety under Trog
  1765 | D:2      | Reached XP level 4. HP: 7/21 MP: 5/5
  1886 | D:2      | Noticed Robin
  1957 | D:2      | Killed Robin
  2195 | D:2      | Found a sacrificial altar of Ru.
  2197 | D:2      | Found a hazy altar of Hepliaklqana.
  2200 | D:2      | Found a radiant altar of Vehumet.
  2992 | D:3      | Noticed Grinder
  3240 | D:3      | Killed Grinder
  3240 | D:3      | Reached skill level 5 in Dodging
  3240 | D:3      | Reached skill level 5 in Unarmed Combat
  3240 | D:3      | Reached XP level 5. HP: 25/25 MP: 6/6
  3240 | D:3      | Gained mutation: You are covered in thick fur. (AC +2)
                  | [Felid growth]
  3240 | D:3      | Reached XP level 6. HP: 28/28 MP: 7/7
  4063 | D:4      | Noticed Menkaure
  4067 | D:4      | Killed Menkaure
  4067 | D:4      | Reached XP level 7. HP: 7/33 MP: 8/8
  4339 | D:4      | Noticed Blork the orc
  4352 | D:4      | Killed Blork the orc
  4459 | D:4      | Noticed Sigmund
  4577 | D:4      | Killed Sigmund
  4577 | D:4      | Reached skill level 5 in Fighting
  4684 | D:4      | Reached skill level 5 in Stealth
  4725 | D:4      | Found a glowing silver altar of Zin.
  4726 | D:4      | Noticed an angel
  4822 | D:4      | Found a shimmering altar of Xom.
  5037 | D:4      | Found a runed translucent door.
  5038 | D:4      | Noticed Crazy Yiuf
  5086 | D:4      | Reached XP level 8. HP: 37/37 MP: 9/9
  5174 | D:4      | Killed Crazy Yiuf
  5241 | D:5      | Entered Level 5 of the Dungeon
  5302 | D:5      | Found a staircase to the Ecumenical Temple.
  5306 | D:5      | Noticed a hippogriff
  5323 | D:5      | Reached *** piety under Trog
  5326 | D:5      | Killed a hippogriff
  5326 | D:5      | Reached skill level 10 in Dodging
  6223 | D:6      | Noticed a red ugly thing
  6232 | D:6      | Mangled by a red ugly thing
  6233 | D:6      | Reached XP level 7. HP: -6/49 MP: 8/8
  6297 | D:6      | Killed a red ugly thing
  6297 | D:6      | Reached XP level 8. HP: 38/38 MP: 9/9
  7275 | D:6      | Reached XP level 9. HP: 42/42 MP: 10/10
  7937 | D:7      | Identified the cursed +1 scale mail "Uchugi Haune" {MR+
                  | Regen+}
  7937 | D:7      | Identified the cursed -7 kite shield of Truth {rC+ MR-
                  | Str+3}
  7946 | D:7      | Noticed Grum
  7962 | D:7      | Found a transporter.
  7968 | D:7      | Found a transporter.
  7973 | D:7      | Identified the ring of Otruehad {rPois rC+ Str+3}
  7978 | D:7      | Noticed MajorAdolf's ghost (novice NaWn)
  8135 | D:7      | Killed MajorAdolf's ghost
  8135 | D:7      | Reached skill level 10 in Stealth
  8145 | D:7      | Slain by a gnoll
  8146 | D:7      | Reached XP level 8. HP: 0/40 MP: 9/9
  8156 | D:7      | Found Deaq's Magic Scroll Boutique.
  8176 | D:7      | Bought a scroll of teleportation for 33 gold pieces
  8176 | D:7      | Bought a scroll of teleportation for 33 gold pieces
  8176 | D:7      | Bought a scroll of blinking for 82 gold pieces
  8176 | D:7      | Bought a scroll of blinking for 82 gold pieces
  8250 | D:7      | Killed Grum
  8250 | D:7      | Reached XP level 9. HP: 45/45 MP: 10/10
  8348 | D:7      | Found a shadowy altar of Dithmenos.
  8602 | D:8      | Reached **** piety under Trog
  8617 | D:8      | Found a basalt altar of Yredelemnul.
  9211 | D:9      | Reached skill level 10 in Unarmed Combat
  9375 | D:9      | Found a shattered altar of Ashenzari.
  9670 | D:9      | Found a runed translucent door.
  9684 | D:9      | Found a runed translucent door.
  9741 | D:9      | Reached skill level 10 in Fighting
  9976 | D:9      | Found a staircase to the Lair.
 10074 | D:9      | Reached XP level 10. HP: 51/51 MP: 11/11
 10187 | D:9      | Reached ***** piety under Trog
 10407 | D:10     | Entered Level 10 of the Dungeon
 10407 | D:10     | Noticed a two-headed ogre
 10408 | D:10     | Killed a two-headed ogre
 10486 | D:10     | Noticed Sonja
 10505 | D:10     | Killed Sonja
 11022 | D:10     | Reached XP level 11. HP: 40/54 MP: 12/12
 11477 | D:11     | Found a shattered altar of Ashenzari.
 11574 | D:11     | Reached skill level 15 in Unarmed Combat
 11660 | D:11     | Noticed a two-headed ogre
 11672 | D:11     | Killed a two-headed ogre
 12340 | D:11     | Found a shimmering blue altar of Sif Muna.
 12683 | D:12     | Noticed a two-headed ogre
 12685 | D:12     | Killed a two-headed ogre
 12962 | D:12     | Found a staircase to the Orcish Mines.
 13062 | D:12     | Found a flagged portal.
 13071 | Bailey   | Entered a bailey
 13537 | D:12     | Reached ****** piety under Trog
 13891 | D:12     | Found Efrutwe's Distillery.
 13894 | D:12     | Bought 2 potions of heal wounds for 120 gold pieces
 13894 | D:12     | Bought 2 potions of haste for 240 gold pieces
 14356 | D:13     | Noticed a centaur warrior
 14369 | D:13     | Killed a centaur warrior
 14372 | D:13     | Gained mutation: Your thick and shaggy fur keeps you warm.
                  | (AC +3, rC+) [Felid growth]
 14372 | D:13     | Reached XP level 12. HP: 58/58 MP: 13/13
 14492 | D:13     | Noticed a yaktaur captain
 14622 | Lair:1   | Entered Level 1 of the Lair of Beasts
 14622 | Lair:1   | Noticed Fannar
 14626 | Lair:1   | Killed Fannar
 14941 | Lair:1   | Noticed Gastronok
 14946 | Lair:1   | Noticed Erica
 14952 | Lair:1   | Killed Gastronok
 14962 | Lair:1   | Killed Erica
 14962 | Lair:1   | Reached skill level 15 in Dodging
 15711 | Lair:2   | Reached skill level 1 in Evocations
 15945 | Lair:2   | Slain by a komodo dragon
 15946 | Lair:2   | Reached XP level 11. HP: 0/81 MP: 13/13
 16050 | Lair:2   | Found a staircase to the Swamp.
 17325 | Lair:3   | Noticed a wolf spider
 17326 | Lair:3   | Found a hole to the Spider Nest.
 17336 | Lair:3   | Killed a wolf spider
 17336 | Lair:3   | Reached skill level 5 in Evocations
 17766 | Lair:4   | Reached XP level 12. HP: 45/58 MP: 17/17
 17820 | Lair:4   | Mangled by a blink frog

Illustrated notes

Levels and vault maps discovered:
D:1:      lightli_arrival_statuegarden, layout_loops_cross
D:2:      layout_basic, grunt_temple_overflow_open, uniq_robin
D:3:      layout_basic, minmay_misc_feat_alley, uniq_grinder
D:4:      layout_gridville, grunt_temple_overflow_order_and_chaos_1,
          first_ration, uniq_crazy_yiuf_cottage, uniq_sigmund, uniq_menkaure,
          uniq_blork_the_orc
D:5:      layout_gridville, minmay_temple_entry_water_ring
D:6:      layout_basic, grunt_ministairs_6
D:7:      layout_rooms, nicolae_dithmenos_through_a_glass_darkly, serial_shops,
          nicolae_shop_temple_entry_statues_fountains,
          gammafunk_ghost_gnarly_gnolls
D:8:      layout_loops_ring, lemuel_mausoleum_altar_yredelemnul,
          roderic_batcave, chequers_serial_rivers_micro_d
D:9:      lemuel_insect_pit, layout_long_grid, overflow_temple_1_default,
          grunt_lair_entry_orc_guard_hut, hangedman_little_slice_of_home
D:10:     layout_roguey, uniq_sonja
D:11:     layout_irregular_city, basic_altar, ashenzari_altar_1
D:12:     layout_stronghold, orc_0_dummy, enter_bailey_2, serial_shops, shop
D:13:     layout_gridville, david_vaults_1, gauntlet_entry_generic,
          nrook_mini_vaults, minmay_diamond_spiral
Lair:1:   layout_gridlike, st_stairs_12, uniq_fannar, uniq_erica, uniq_gastronok
Lair:2:   layout_gridlike, swamp_mist, beast_lair_carwin_11
Lair:3:   lemuel_slime, layout_loops_ring, spider_nest_entry_funnel_web
Lair:4:   layout_gridlike, minivault_23, serial_bayou_shore_a

Skill      XL: |  1  2  3  4  5  6  7  8  9 10 11 12 |
---------------+-------------------------------------+-----
Stealth        | 1 3 5 8 10 | 10.0
Unarmed Combat | 5 6 7 10 14 16 | 16.0
Dodging        | 5 6 7 10 13 16 | 16.0
Fighting       | 4 6 10 | 10.0
Evocations     | 5 2 |  5.6

Action                   |  1- 3 |  4- 6 |  7- 9 | 10-12 || total
-------------------------+-------+-------+-------+-------++-------
Melee: Unarmed           |   117 |   142 |   443 |   589 ||  1291
       Bite              |     5 |    12 |    55 |    53 ||   125
       Punch             |     5 |     5 |    25 |    39 ||    74
Invok: Berserk           |     2 |     5 |    15 |     9 ||    31
       Trog's Hand       |     1 |     2 |     4 |     5 ||    12
Evoke: Wand              |       |       |       |     3 ||     3
  Use: Scroll            |     3 |       |    13 |       ||    16
       Potion            |       |       |     1 |       ||     1
 Stab: Sleeping          |     5 |     4 |    37 |    43 ||    89
       Distracted        |       |       |     1 |     1 ||     2
       Confused          |       |       |       |     1 ||     1
  Eat: Chunk             |    11 |     9 |    37 |    30 ||    87
Armor: Skin              |    11 |     7 |     9 |    10 ||    37
Dodge: Dodged            |   106 |   117 |   452 |   537 ||  1212
